 Dungeon Crawl Stone Soup version 0.30-a0-613-gdd512c7efb (webtiles) character file.

Game seed: 644164927096048888

5779 bande the Blocker (level 10, -6/65 HPs)
             Began as a Gargoyle Fighter on Jan 9, 2023.
             Was a Priest of Okawaru.
             Mangled by a sixfirhy (10 damage)
             ... on level 3 of the Abyss.
             The game lasted 00:16:30 (8215 turns).

bande the Blocker (Gargoyle Fighter)                Turns: 8215, Time: 00:16:30

Health: -6/65      AC: 26    Str: 26    XL:     10   Next: 78%
Magic:  12/12      EV:  5    Int:  9    God:    Okawaru [***...]
Gold:   561        SH: 22    Dex: 13    Spells: 9/9 levels left

rFire   . . .      SeeInvis .    a - +1 war axe
rCold   . . .      Faith    .    K - +2 tower shield {AC+3}
rNeg    + . .      Spirit   .    J - +0 chain mail
rPois   ∞          Reflect  +    j - +1 helmet
rElec   +          Harm     .    x - +0 cloak
rCorr   .          Rampage  .    (no gloves)
Will    +....                    B - +0 pair of boots Stlth
                                 y - amulet of reflection
HPRegen 0.30/turn                g - ring of willpower
MPRegen 0.13/turn                A - +6 ring of strength

@: no status effects
A: sickness immunity, AC +7, negative energy resistance 1, electricity
resistance, torment resistance 1, petrification resistance, MP-powered wands,
noise suppression
a: Renounce Religion, Heroism


You were on level 3 of the Abyss.
You worshipped Okawaru.
Okawaru was most pleased with you.
You visited 2 branches of the dungeon, and saw 10 of its levels.
You visited the Abyss 1 time.
You also visited: Ossuary.

You collected 561 gold pieces.

Inventory:

Hand Weapons
 a - a +1 war axe (weapon)
 b - a +2 flail of holy wrath
 s - a +0 war axe
 C - a +0 flail
Armour
 j - a +1 helmet (worn)
 x - a +0 cloak (worn)
 B - a +0 pair of boots (worn)
 J - a +0 chain mail (worn)
 K - a +2 tower shield of protection (worn)
Jewellery
 g - a ring of willpower (left hand)
 k - a ring of magical power
 y - an amulet of reflection (around neck)
 A - a +6 ring of strength (right hand)
 D - a ring of see invisible
 H - a ring of positive energy
 I - a ring of protection from fire
Wands
 i - a wand of roots (4)
 o - a wand of light (12)
 F - a wand of paralysis (17)
 G - a wand of digging (13)
Scrolls
 c - 2 scrolls of magic mapping {unknown}
 r - 2 scrolls of enchant armour
 t - 3 scrolls of teleportation
 u - 5 scrolls of poison
 z - 2 scrolls of identify
 E - a scroll of fog
Potions
 d - 5 potions of might
 e - 5 potions of haste
 f - a potion of resistance
 h - 3 potions of cancellation
 l - 3 potions of mutation
 m - 2 potions of magic
 n - 3 potions of invisibility
 p - 4 potions of curing
 q - 5 potions of heal wounds
 v - 3 potions of brilliance
 w - 2 potions of flight {unknown}


   Skills:
 + Level 8.7 Fighting
 + Level 8.8 Axes
 + Level 8.7 Armour
 + Level 9.1 Shields
 * Level 3.1 Invocations
 - Level 8.6 Evocations


You had 9 spell levels left.
You didn't know any spells.
Your spell library contained the following spells:

 Spells                   Type           Power      Damage    Failure   Level
 Sandblast                Erth           0%         2d4       100%        1
 Passwall                 Tmut/Erth      0%         N/A       100%        2
 Frozen Ramparts          Ice            0%         1d1       100%        3
 Gell's Gravitas          Tloc           0%         N/A       100%        3
 Lesser Beckoning         Tloc           0%         N/A       100%        3
 Ozocubu's Armour         Ice            0%         N/A       100%        3
 Portal Projectile        Hex/Tloc       0%         N/A       100%        3
 Stone Arrow              Conj/Erth      0%         3d7       100%        3
 Teleport Other           Tloc           0%         N/A       100%        3
 Ice Form                 Ice/Tmut       0%         N/A       100%        4
 Blade Hands              Tmut           0%         N/A       100%        5
 Ozocubu's Refrigeration  Ice            0%         4d7       100%        7
 Tukima's Dance           Hex            Unusable   N/A       N/A         3
 Summon Ice Beast         Ice/Summ       Unusable   N/A       N/A         4

Dungeon Overview and Level Annotations

Branches:
Dungeon (9/15)             Temple (1/1) D:4            Lair (0/5) D:9
Ossuary (visited)
    Orc: D:9-12

Altars:
Cheibriados
Dithmenos
Fedhas
Hepliaklqana
Kikubaaqudgha
Nemelex Xobeh
Okawaru
Ru
Sif Muna
Trog
Uskayaw
Vehumet
Xom
Yredelemnul
Zin

Shops:
D:4 =


Innate Abilities, Weirdness & Mutations

You are immune to sickness and miasma.
Your stone body is resilient. (AC +7)
You are immune to poison.
You resist negative energy. (rN+)
You are resistant to electric shocks. (rElec)
You are resistant to unholy torment.
You are immune to petrification.
You expend magic power (3 MP) to strengthen your wands.
You passively dampen the noise of your surroundings.


Message History

You block the large abomination's attack.
A sun demon comes into view.
You block the large abomination's attack.
The sun demon shouts!
You hit the large abomination.
The large abomination is moderately damaged.
You block the large abomination's attack.
You hit the large abomination but do no damage.
The large abomination is moderately damaged.
A sixfirhy comes into view.
The large abomination barely misses you.
You block the large abomination's attack.
You block the sun demon's attack.
You barely miss the large abomination.
The large abomination is moderately damaged.
You slash the sixfirhy! You hit the sun demon.
You block the sixfirhy's attack. x2
The sixfirhy hits you! The sixfirhy shocks you. You resist.
The sixfirhy hits you! The sixfirhy shocks you. You resist.
The large abomination hits you!!
* * * LOW HITPOINT WARNING * * *
You block the sun demon's attack.
You hit the large abomination.
The large abomination is moderately damaged.
You miss the sixfirhy. You hit the sun demon but do no damage.
You block the sun demon's attack.
The large abomination hits you but does no damage.
You block the sun demon's attack.
The large abomination hits you but does no damage.
You hit the large abomination but do no damage.
The large abomination is moderately damaged.
You slash the sixfirhy! You hit the sun demon but do no damage.
You block the sixfirhy's attack. x2; You block the sun demon's attack.
The large abomination hits you!
* * * LOW HITPOINT WARNING * * *
The sixfirhy barely misses you.
You hit the large abomination.
The large abomination is moderately damaged.
You closely miss the sixfirhy. You barely miss the sun demon.
You block the sixfirhy's attack. x2; The sixfirhy hits you!
You die...

..##......#.#
.##.#.. .# #.#
#...#.... . .##
....#. .#..##
.#..#.##.###...
#......##..#....
..#.....##..#>.
# # #X3#.# .# #
#@#.## .#
#..3#..# #
#..###. # .... #
#.#.. # #.. #.
#.


You could see a sun demon, a large abomination and a sixfirhy.

Vanquished Creatures
  Psyche (D:8)
  Prince Ribbit (D:6)
  Menkaure (D:6)
  A steam dragon (D:8)
  2 water moccasins
  2 orc warriors
  3 ogres
  6 centaurs
  3 phantoms
  2 necrophages
  2 bullfrogs (D:7)
  A scorpion (D:4)
  8 wights
  4 howler monkeys
  12 killer bees
  A crimson imp (D:9)
  2 hounds
  A human zombie (Ossuary)
  Crazy Yiuf (D:6)
  4 orc priests
  A gnoll bouda (D:9)
  An iguana (D:4)
  6 orc wizards
  4 mummies (Ossuary)
  5 gnolls (D:9)
  4 adders
  A shadow imp (D:7)
  2 white imps
  4 ufetubi
  2 worms
  23 orcs
  11 ball pythons
  5 bats
  4 endoplasms
  6 giant cockroaches
  10 goblins
  11 hobgoblins
  3 jackals
  15 kobolds
  4 quokkas
  2 frilled lizards
  A gnoll zombie (Ossuary)
  2 goblin zombies (Ossuary)
  3 kobold zombies (Ossuary)
  An orc zombie (Ossuary)
  7 rats
196 creatures vanquished.

Vanquished Creatures (others)
  A wyvern (D:8)
  A kobold brigand (D:7)
2 creatures vanquished.

Grand Total: 198 creatures vanquished

Notes
Turn   | Place    | Note
-------+----------+-------------------------------------------
     0 | D:1      | bande the Gargoyle Fighter began the quest for the Orb.
     0 | D:1      | Reached XP level 1. HP: 14/14 MP: 1/1
   124 | D:1      | Reached XP level 2. HP: 19/19 MP: 2/2
   396 | D:1      | Reached XP level 3. HP: 23/23 MP: 3/3
   804 | D:2      | Reached XP level 4. HP: 25/29 MP: 4/4
  1458 | D:3      | Identified the +1 leather armour "Isarph" {Will+ rCorr
                  | Dex-2 SInv}
  1463 | D:3      | Found a faded altar of an unknown god.
  1715 | D:3      | Noticed a phantom
  1734 | D:3      | Killed a phantom
  1735 | D:3      | Reached skill level 4 in Shields
  1735 | D:3      | Reached XP level 5. HP: 28/33 MP: 5/5
  1999 | D:4      | Found a sand-covered staircase.
  2006 | Ossuary  | Entered an ossuary
  2286 | Ossuary  | Reached XP level 6. HP: 36/38 MP: 6/6
  2432 | D:4      | Gained mutation: You passively dampen the noise of your
                  | surroundings. [potion of mutation]
  2432 | D:4      | Gained mutation: You expend magic power (3 MP) to
                  | strengthen your wands. [potion of mutation]
  2614 | D:4      | Reached skill level 1 in Evocations
  2679 | D:4      | Reached XP level 7. HP: 27/44 MP: 7/7
  2864 | D:4      | Found Ibukk's Jewellery Shop.
  2914 | D:4      | Reached skill level 7 in Shields
  2914 | D:4      | Reached XP level 8. HP: 53/53 MP: 8/8
  2915 | D:4      | Reached skill level 8 in Shields
  2915 | D:4      | Reached XP level 9. HP: 59/59 MP: 9/9
  2916 | D:4      | Found a staircase to the Ecumenical Temple.
  2993 | Temple   | Entered the Ecumenical Temple
  3033 | Temple   | Became a worshipper of Warmaster Okawaru
  3426 | D:5      | Entered Level 5 of the Dungeon
  3977 | D:5      | Found a sparkling altar of Nemelex Xobeh.
  3977 | D:5      | Found a shadowy altar of Dithmenos.
  4459 | D:6      | Noticed Menkaure
  4460 | D:6      | Noticed Prince Ribbit
  4467 | D:6      | Killed Menkaure
  4472 | D:6      | Reached skill level 1 in Invocations
  4479 | D:6      | Killed Prince Ribbit
  4479 | D:6      | Reached * piety under Okawaru
  5055 | D:6      | Found a runed translucent door.
  5056 | D:6      | Noticed Crazy Yiuf
  5632 | D:6      | Killed Crazy Yiuf
  5633 | D:6      | Reached XP level 10. HP: 50/65 MP: 9/11
  5879 | D:7      | Reached ** piety under Okawaru
  6853 | D:8      | Noticed Psyche
  7211 | D:8      | Killed Psyche
  7211 | D:8      | Reached *** piety under Okawaru
  7550 | D:8      | Found a glowing silver altar of Zin.
  7551 | D:8      | Found an ancient bone altar of Kikubaaqudgha.
  7876 | D:9      | Found a staircase to the Lair.
  7958 | D:9      | Reached skill level 9 in Shields
  8158 | D:9      | Noticed a wizard
  8177 | Abyss:3  | Cast into level 3 of the Abyss (a wizard)
  8205 | Abyss:3  | Noticed a large abomination
  8207 | Abyss:3  | Noticed a wizard
  8209 | Abyss:3  | Noticed a sun demon
  8211 | Abyss:3  | Noticed a sixfirhy
  8215 | Abyss:3  | Mangled by a sixfirhy

Illustrated notes

Levels and vault maps discovered:
D:1:      dpeg_arrival_three_same_balls, layout_loops_ring,
          minmay_tiny_reverse_x
D:2:      layout_basic, minmay_quantized
D:3:      layout_basic, nicolae_ecumenical_lake_church, kennysheep_potato
D:4:      layout_loops_ring, minmay_temple_entry_proselytizer, enter_ossuary_3,
          serial_shops, kennysheep_mini, minmay_strange_pillars,
          minmay_misc_feat_room, serial_park_tiny_2
D:5:      layout_basic, mainiacjoe_overflow_divided_tiny
D:6:      layout_gridville, uniq_menkaure, uniq_crazy_yiuf_cottage,
          uniq_prince_ribbit1
D:7:      layout_rooms
D:8:      layout_loops_ring, gammafunk_temple_overflow_pools,
          minmay_large_rounded_square, uniq_psyche
D:9:      layout_gridville, lair_entry_dummy, lightli_wizard_tower
Temple:   nicolae_temple_bog_church
Abyss:3:  base: D:5, evilmike_abyss_exit_14, nicolae_abyss_rune_star_stuff

Skill      XL: |  1  2  3  4  5  6  7  8  9 10 |
---------------+-------------------------------+-----
Axes           | 2 3 4 6 7 8 |  8.8
Armour         | 4 7 8 |  8.7
Shields        | 4 7 8 9 |  9.1
Fighting       | 4 7 8 |  8.7
Evocations     | 1 6 8 |  8.6
Invocations    | 1 3 |  3.1

Action                   |  1- 3 |  4- 6 |  7- 9 | 10-12 || total
-------------------------+-------+-------+-------+-------++-------
Melee: War axe           |   110 |   169 |   145 |   215 ||   639
       Unarmed           |       |       |       |     3 ||     3
  Use: Scroll            |     3 |    10 |     4 |     4 ||    21
       Potion            |       |     1 |     2 |     1 ||     4
Armor: Scale mail        |    54 |    85 |   108 |    85 ||   332
       Chain mail        |       |       |       |    53 ||    53
Dodge: Dodged            |    71 |    70 |    49 |    87 ||   277
Block: Buckler           |    25 |    38 |    70 |   124 ||   257
       Reflection        |       |       |     9 |     9 ||    18
       Tower shield      |       |       |       |    84 ||    84
       Other             |       |       |       |     1 ||     1

Table legend: (Time is in decaauts)
 A = Elapsed time spent in this place.
 B = Non-inter-level travel time spent in this place.
 C = Inter-level travel time spent in this place.
 D = Time resting spent in this place.
 E = Time spent auto-exploring this place.
 F = Levels seen in this place.
 G = Mean time per level.
                   A        B        C        D        E       F      G
               +--------+--------+--------+--------+--------+-----+--------+
         Total |   8384 |   8145 |    239 |   1070 |   5298 |  12 |  698.7 |
       Dungeon |   7913 |   7674 |    239 |    972 |   5135 |   9 |  879.2 |
        Temple |     58 |     58 |      0 |      0 |     32 |   1 |   58.0 |
         Abyss |     40 |     40 |      0 |      0 |      0 |   1 |   40.0 |
       Ossuary |    373 |    373 |      0 |     98 |    131 |   1 |  373.0 |
               +--------+--------+--------+--------+--------+-----+--------+

Top non-repeatable levels by time:
     D:6: 1325 daAuts
     D:4: 1055 daAuts
     D:7: 1038 daAuts
     D:5: 984 daAuts
     D:8: 896 daAuts
     D:3: 847 daAuts
     D:1: 664 daAuts
     D:9: 553 daAuts
     D:2: 547 daAuts
 Ossuary: 373 daAuts
  Temple: 58 daAuts
 Abyss:3: 40 daAuts
